 Dungeon Crawl Stone Soup version 0.30-a0-956-gcec3b41aec (webtiles) character file.

Game seed: 11834156630387639695

249 dredge the Slasher (level 6, 0/48 HPs)
             Began as a Human Berserker on Mar 30, 2023.
             Was a Believer of Trog.
             Succumbed to an orc's poison
             ... on level 3 of the Dungeon.
             The game lasted 00:06:47 (2613 turns).

dredge the Slasher (Human Berserker)                Turns: 2613, Time: 00:06:47

Health: 0/48       AC:  9    Str: 20    XL:     6   Next: 35%
Magic:  6/6        EV:  8    Int:  7    God:    Trog [**....]
Gold:   152        SH:  0    Dex: 12    Spells: 5/5 levels left

rFire   . . .      SeeInvis .    a - +0 falchion
rCold   . . .      Faith    .    (no shield)
rNeg    . . .      Spirit   .    g - +0 chain mail
rPois   .          Reflect  .    (no helmet)
rElec   .          Rampage  .    (no cloak)
rCorr   .                        (no gloves)
Will    .....                    (no boots) Stlth
                                 (no amulet)
HPRegen 0.28/turn                (no ring)
MPRegen 0.10/turn                (no ring)

@: confused, mighty, lethally poisoned (0 -> -22)
A: no striking features
a: Renounce Religion, Berserk, Trog's Hand


You were on level 3 of the Dungeon.
You worshipped Trog.
Trog was pleased with you.
You visited 1 branch of the dungeon, and saw 3 of its levels.

You collected 152 gold pieces.

Inventory:

Hand Weapons
 a - a +0 falchion (weapon)
Missiles
 e - 12 boomerangs (quivered)
Armour
 g - a +0 chain mail (worn)
Scrolls
 b - a scroll of butterflies {unknown}
 f - 4 scrolls of identify {unknown}
 h - 2 scrolls of amnesia {unknown}
 k - a scroll of fog {unknown}
 l - a scroll of vulnerability {unknown}
 m - a scroll of poison {unknown}
 o - a scroll of teleportation {unknown}
Potions
 c - a potion of haste {unknown}
 d - a potion of curing {unknown}
 i - a potion of might
 j - 3 potions of heal wounds {unknown}
 n - a potion of brilliance {unknown}


   Skills:
 + Level 3.7 Fighting
 + Level 4.9 Long Blades
 + Level 3.7 Armour
 + Level 2.6 Dodging
 + Level 0.5 Stealth


You had 5 spell levels left.
You didn't know any spells.
Your spell library contained the following spells:

 Spells                   Type           Power      Damage    Failure   Level
 Necrotise                Necr           0%         1d4       99%         1
 Vampiric Draining        Necr           0%         2d6       100%        3
 Agony                    Necr           0%         N/A       100%        5


Dungeon Overview and Level Annotations

Branches:
Dungeon (3/15)

Altars:
Hepliaklqana
Vehumet

Shops:
D:3 *


Message History

You are poisoned.
You barely miss the orc.
You feel sick. The orc hits you but does no damage.
You are more poisoned.
You closely miss the orc wizard.
You feel very sick.
The orc wizard hits you but does no damage.
The orc hits you but does no damage.
You are more poisoned.
The orc wizard hits you with a +0 dagger.
The orc hits you with a +0 short sword of venom.
You are more poisoned.
You barely miss the orc wizard.
You punch the orc wizard, but do no damage.
You feel extremely sick.
The orc wizard hits you with a +0 dagger.
The orc hits you but does no damage.
You are lethally poisoned!
You hit the orc wizard.
The orc wizard is lightly wounded.
You feel extremely sick. The orc wizard barely misses you.
The orc barely misses you.
You slash the orc wizard!
The orc wizard is severely wounded.
You feel very sick.
The orc wizard hits you with a +0 dagger.
The orc hits you but does no damage.
You are more poisoned.
The hobgoblin hits you but does no damage.
You hit the orc wizard but do no damage.
The orc wizard is severely wounded.
* * * LOW HITPOINT WARNING * * *
You feel extremely sick.
The orc wizard points at you and mumbles some strange words.
You are confused.
The orc closely misses you. The hobgoblin hits you.
* * * LOW HITPOINT WARNING * * *
Okay, then.
It was a potion of might.
You feel very mighty all of a sudden.
You die...

#.# ##. ##.# .. #...
#..#..# #..#..#
#.##..#..###
.........###.
#ooog...... #@..####.#
#.# #........# #.#
##.###### #.# #.# #.#
##'## #.# ##...## #.###
##.....## #####.#∩##
##.......##
#........####.........#


You could see an orc wizard, 2 orcs and a hobgoblin.

Vanquished Creatures
  A scorpion (D:3)
  An iguana (D:3)
  2 orc wizards (D:3)
  5 adders (D:2)
  A worm (D:2)
  A dart slug (D:2)
  10 orcs (D:3)
  6 bats
  5 endoplasms
  A giant cockroach (D:3)
  5 goblins
  5 hobgoblins
  3 quokkas
  6 ball pythons
  7 kobolds
  4 rats
63 creatures vanquished.

Vanquished Creatures (others)
  2 plants (D:1)
2 creatures vanquished.

Grand Total: 65 creatures vanquished

Notes
Turn   | Place    | Note
-------+----------+-------------------------------------------
     0 | D:1      | dredge the Human Berserker began the quest for the Orb.
     0 | D:1      | Reached XP level 1. HP: 18/18 MP: 1/1
   129 | D:1      | Reached XP level 2. HP: 18/24 MP: 2/2
   446 | D:1      | Reached XP level 3. HP: 10/29 MP: 3/3
  1150 | D:2      | Reached XP level 4. HP: 14/35 MP: 4/4
  1321 | D:2      | Reached ** piety under Trog
  1337 | D:2      | Reached skill level 4 in Long Blades
  1895 | D:3      | Reached XP level 5. HP: 40/41 MP: 5/5
  2257 | D:3      | Reached XP level 6. HP: 25/48 MP: 6/6
  2449 | D:3      | Found a hazy altar of Hepliaklqana.
  2576 | D:3      | Found Asohy's Assorted Antiques.
  2576 | D:3      | Found a radiant altar of Vehumet.
  2613 | D:3      | Succumbed to an orc's poison

Illustrated notes

Levels and vault maps discovered:
D:1:      ncdulo_wetmaze, layout_rooms, serial_forest,
          infiniplex_forest_straight_5, infiniplex_forest_lined_room_2,
          infiniplex_forest_lined_1, infiniplex_forest_clump_small,
          infiniplex_forest_lined_ring, infiniplex_forest_clump_tiny,
          infiniplex_forest_straight_1, infiniplex_forest_clump_long,
          infiniplex_forest_split, chequers_big_river, st_stairs_5,
          minmay_ruptured
D:2:      layout_rooms, chequers_serial_rivers_room_b
D:3:      layout_loops_corners, old_standard_altar,
          mainiacjoe_overflow_brackets, serial_shops, shop

Skill      XL: |  1  2  3  4  5 |
---------------+----------------+-----
Long Blades    | 4 |  4.9
Armour         | 3 |  3.7
Fighting       | |  3.7
Dodging        | |  2.6
Stealth        | |  0.5

Action                     |  1- 3 |  4- 6 || total
---------------------------+-------+-------++-------
  Melee: Falchion          |    96 |   170 ||   266
         Punch             |     1 |     2 ||     3
 Invoke: Berserk           |       |     2 ||     2
         Trog's Hand       |       |     1 ||     1
    Use: Potion            |       |     1 ||     1
   Stab: Sleeping          |     1 |       ||     1
 Armour: Animal skin       |     8 |       ||     8
         Chain mail        |    28 |    68 ||    96
  Dodge: Dodged            |    61 |    71 ||   132

Table legend: (Time is in decaauts)
 A = Elapsed time spent in this place.
 B = Non-inter-level travel time spent in this place.
 C = Inter-level travel time spent in this place.
 D = Time resting spent in this place.
 E = Time spent auto-exploring this place.
 F = Levels seen in this place.
 G = Mean time per level.
                   A        B        C        D        E       F      G
               +--------+--------+--------+--------+--------+-----+--------+
         Total |   2684 |   2479 |    205 |     34 |   1928 |   3 |  894.7 |
       Dungeon |   2684 |   2479 |    205 |     34 |   1928 |   3 |  894.7 |
               +--------+--------+--------+--------+--------+-----+--------+

Top non-repeatable levels by time:
     D:1: 994 daAuts
     D:3: 920 daAuts
     D:2: 770 daAuts
